 Dungeon Crawl Stone Soup version 0.30-a0-462-gd5975efbca (webtiles) character file.

Game seed: 9103259138943570346

1300 MackTheKnife the Stinger (level 8, -1/57 HPs)
             Began as a Yellow Draconian Venom Mage on Dec 16, 2022.
             Was an Initiate of Gozag.
             Killed from afar by a white imp (9 damage)
             ... with a puff of frost
             ... on level 5 of the Dungeon.
             The game lasted 00:08:52 (3745 turns).

MackTheKnife the Stinger (DrVM)                     Turns: 3745, Time: 00:08:52

Health: -1/57      AC:  8    Str: 10    XL:     8   Next: 31%
Magic:  16/18      EV: 12    Int: 17    God:    Gozag
Gold:   313        SH:  0    Dex: 13    Spells: 13/20 levels left

rFire   . . .      SeeInvis .    m - +3 hand axe {axe}
rCold   . . .      Faith    .    (no shield)
rNeg    . . .      Spirit   .    (body armour unavailable)
rPois   +          Reflect  .    (helmet restricted)
rElec   .          Harm     .    (no cloak)
rCorr   +          Rampage  .    (no gloves)
Will    .....                    c - +1 pair of boots
Stlth   ++........               d - amulet of magic regeneration {@e2}
HPRegen 0.29/turn                G - ring of poison resistance
MPRegen 0.56/turn                (no ring)

@: weak-willed
A: spit acid, AC +6, unfitting armour, cold-blooded, acid resistance
a: Breathe Acid, Renounce Religion, Potion Petition, Call Merchant, Bribe Branch


You were on level 5 of the Dungeon.
You worshipped Gozag.
Gozag was aware of your devotion.
You visited 1 branch of the dungeon, and saw 5 of its levels.
You also visited: Ossuary.

You collected 362 gold pieces.
You paid 49 gold pieces to Gozag.


Innate Abilities, Weirdness & Mutations

You can spit globs of acid.
Your golden yellow scales are hard. (AC +6)
You cannot fit into any form of body armour.
You are cold-blooded and may be slowed by cold attacks.
You are resistant to acid. (rCorr)


   Skills:
 - Level 1.7 Dodging
 - Level 1.7 Stealth
 + Level 6.8 Spellcasting
 - Level 1.0 Transmutations
 + Level 7.8 Poison Magic


You had 13 spell levels left.
You knew the following spells:

 Your Spells              Type           Power      Damage    Failure   Level
a - Sting                 Tmut/Pois      80%        1d7       1%          1
b - Poisonous Vapours     Pois/Air       38%        N/A       3%          2
c - Olgreb's Toxic Radia  Pois           32%        N/A       4%          4

Your spell library contained the following spells:

 Spells                   Type           Power      Damage    Failure   Level
 Sandblast                Erth           10%        2d5       12%         1
 Slow                     Hex            20%        N/A       12%         1
 Mephitic Cloud           Conj/Pois/Air  14%        N/A       12%         3
 Passwall                 Tmut/Erth      5%         N/A       14%         2
 Confusing Touch          Hex            5%         N/A       34%         3
 Stone Arrow              Conj/Erth      10%        3d7       34%         3
 Vampiric Draining        Necr           5%         2d6       34%         3

Inventory:

Hand Weapons
 m - a +3 hand axe (weapon) {axe}
   (You found it on level 2 of the Dungeon)
 F - a +5 dagger {short}
   (You took it off a wight in an ossuary)
Armour
 c - a +1 pair of boots (worn)
   (You found it on level 2 of the Dungeon)
Jewellery
 d - an amulet of magic regeneration (around neck) {@e2}
   (You found it on level 1 of the Dungeon)
 t - an amulet of guardian spirit
   (You found it on level 2 of the Dungeon)
 G - a ring of poison resistance (left hand)
   (You found it on level 4 of the Dungeon)
Wands
 v - a wand of paralysis (3)
   (You found it on level 3 of the Dungeon)
 B - a wand of roots (3)
   (You found it in an ossuary)
 E - a wand of polymorph (11)
   (You found it in an ossuary)
Scrolls
 b - a scroll of fear
 e - 2 scrolls of immolation {!r!r}
 n - 2 scrolls of brand weapon {unknown}
 o - 2 scrolls of identify {@r1}
 q - 2 scrolls of magic mapping {unknown}
 r - a scroll of noise {!r}
 A - a scroll of teleportation {unknown}
Potions
 a - 2 potions of magic
 f - a potion of heal wounds {unknown}
 g - 2 potions of flight
 i - 2 potions of lignification {!q}
 j - 2 potions of ambrosia
 k - a potion of berserk rage {unknown}
 l - a potion of degeneration {unknown}
 p - a potion of cancellation {unknown}
 s - a potion of attraction {unknown}
 u - 4 potions of curing {unknown}
 w - 2 potions of invisibility {unknown}
 z - a potion of might {unknown}
 C - a potion of resistance {unknown}

Dungeon Overview and Level Annotations

Branches:
Dungeon (5/15) Zot: 26751 Ossuary (visited)
 Temple: D:4-7

Altars:
Dithmenos
Gozag
Nemelex Xobeh
Xom

..#####≈≈$.$§≈...[.. #
#≈~~~○~≈......
#≈.$○..≈...... $
#≈$.☼$$≈..### #######
#≈W5.~≈≈......
#......###≈≈.≈≈#..$##.
......................
#.....W###.#######.##.
#.....(@5.(# ...
#......##### ...
#...... ## #......
#...... #......
#...... #######


You could see a phantom (weak-willed) and a white imp (weak-willed).


Message History

The phantom misses you. The ogre closely misses you.
The phantom hits you but does no damage. 😨 MP[+1] Unknown command.
You enter the shallow water.
Moving in this stuff is going to be slow. 😨 HP[+1] MP[+1] Unknown command.
Aiming: Polymorph
Press: ? - help, Shift-Dir - straight line, f - white imp
Aim: a white imp (lava, will become a crimson imp, chance to affect: 57%)
The white imp evaporates and reforms as a crimson imp!
The ogre looks more healthy.
The phantom hits you.
* * * LOW HITPOINT WARNING * * *
😨 HP[-2]
You take 2 damage, and now have 23/57 hp.
Aiming: Polymorph
Press: ? - help, Shift-Dir - straight line, f/p - crimson imp
Aim: a crimson imp (lava, will become a white imp, a ynoxinul, or a neqoxec, chance to affect: 31%)
The crimson imp evaporates and reforms as a white imp!
The ogre closely misses you.
The phantom hits you but does no damage. 😨 MP[+1]
Casting: Olgreb's Toxic Radiance (dangerous; 5% risk of failure)
Confirm with . or Enter, or press ? or * to list all spells.
You begin to radiate toxic energy.
The ogre is poisoned.
The ogre is engulfed in noxious fumes.
The ogre appears confused.
The phantom misses you.
Unknown command. 😨 MP[-3]
You lost 3 mp, and now have 7/18 mp.
Unknown command.
The white imp attacks as you move away!
The white imp hits you but does no damage.
Your toxic aura wanes.
The phantom hits you but does no damage.
The white imp gestures at you. The puff of frost misses you.
The ogre falls into the lava!
The ogre is incinerated.
You now have 313 gold pieces (gained 19).
You hear a sizzling splash.
The phantom hits you but does no damage.
You see here 8 gold pieces. 😨 HP[+1]
The phantom closely misses you. 😨 MP[+1]
The white imp barely misses you. 😨 HP[+1] MP[+1]
The phantom attacks as you move away! The phantom misses you.
The phantom is distracted by your dazzling golden aura.
The white imp gestures at you. The puff of frost hits you!
* * * LOW HITPOINT WARNING * * *
😱 HP[-11]
You take 11 damage, and now have 14/57 hp. 😱 MP[+1]
The white imp is distracted by your dazzling golden aura. 😨 HP[+1] MP[+1]
The phantom is no longer distracted by gold. 😨 MP[+1]
As you read the scroll labelled COROUFU QOGAN, it crumbles to dust.
You assume a fearsome visage.
Nothing appears to happen.
It was a scroll of fear. 😨 HP[+1] MP[+1] Unknown command.
As you read the scroll labelled NEAMIU AMEIZA, it crumbles to dust.
It is a scroll of identify.
g - 2 potions of flight
As you read the scroll labelled AZIMA TIGHOYNO, it crumbles to dust.
It is a scroll of amnesia.
Really abort (and waste the scroll)?
Okay, then. 😨 MP[+1]
As you read the scroll labelled HAMIT BAYHIE, it crumbles to dust.
You hear a loud clanging noise!
It was a scroll of noise.
You hear a shout!
The phantom hits you.
* * * LOW HITPOINT WARNING * * *
😱 HP[-2] MP[+1]
You take 2 damage, and now have 14/57 hp.
As you read the scroll labelled RONUN IGHIO, it crumbles to dust.
It is a scroll of enchant armour.
Your +0 pair of boots glows green for a moment.
The phantom hits you but does no damage.
As you read the scroll labelled HAUR RYKATOUKE, it crumbles to dust.
Your body is wracked with pain!
* * * LOW HITPOINT WARNING * * *
It was a scroll of torment.
The phantom closely misses you.
The white imp hits you but does no damage. 😱 HP[-6] MP[+1]
You take 6 damage, and now have 8/57 hp.
Unknown command.
As you read the scroll labelled WEETHR ECIOWNI, it crumbles to dust.
Magic quickly surges around you.
It was a scroll of vulnerability.
The phantom closely misses you. The white imp gestures at you.
The puff of frost hits you!
You die...
Your body crumbles into a pile of gold.

Skill      XL: |  1  2  3  4  5  6  7 |
---------------+----------------------+-----
Spellcasting   | 3 4 5 6 |  6.8
Poison Magic   | 4 5 6 7 |  7.8
Dodging        | |  1.7
Stealth        | |  1.7
Transmutations | |  1.0

Action                   |  1- 3 |  4- 6 |  7- 9 || total
-------------------------+-------+-------+-------++-------
Melee: Hand axe          |     5 |    35 |    66 ||   106
       Tailslap          |     1 |     2 |     5 ||     8
       Punch             |       |     1 |       ||     1
       Unarmed           |       |       |     5 ||     5
 Fire: Sling             |    75 |       |       ||    75
 Cast: Sting             |    49 |    68 |     9 ||   126
       Poisonous Vapours |     3 |    13 |       ||    16
       Olgreb's Toxic Ra |       |       |     7 ||     7
 Abil: Breathe Acid      |       |       |     5 ||     5
Evoke: Wand              |       |     3 |     6 ||     9
  Use: Potion            |       |       |     2 ||     2
       Scroll            |       |       |     8 ||     8
 Stab: Paralysed         |       |     8 |       ||     8
       Sleeping          |       |       |     4 ||     4
Armor: Skin              |    28 |    17 |    47 ||    92
Dodge: Dodged            |    35 |    44 |    47 ||   126

Levels and vault maps discovered:
D:1:      minmay_arrival_stair_chambers, layout_rooms, minmay_vboxes
D:2:      layout_basic
D:3:      wander_river, layout_rooms, chequers_hall_statues_y, uniq_jessica,
          uniq_grinder
D:4:      layout_gridville, gammafunk_temple_overflow_forgotten,
          gup_ossuary_entry_pyramid
D:5:      layout_rooms, xom_confusion_cloud

Notes
Turn   | Place    | Note
-------+----------+-------------------------------------------
     0 | D:1      | MackTheKnife the Draconian Venom Mage began the quest for
                  | the Orb.
     0 | D:1      | Reached XP level 1. HP: 14/14 MP: 3/3
     0 | D:1      | magus.rc [v1.9.6]
   189 | D:1      | Reached XP level 2. HP: 20/20 MP: 5/5
   213 | D:1      | Learned a level 2 spell: Poisonous Vapours
   262 | D:1      | You pick up a book of Debilitation and begin reading...
   262 | D:1      | You add the spells Slow, Vampiric Draining and Confusing
                  | Touch to your library.
   365 | D:1      | Reached XP level 3. HP: 21/26 MP: 7/7
   863 | D:2      | Reached skill level 3 in Spellcasting
   873 | D:2      | Reached skill level 4 in Poison Magic
  1088 | D:2      | Reached XP level 4. HP: 33/33 MP: 5/8
  1147 | D:2      | You pick up a book of Geomancy and begin reading...
  1147 | D:2      | You add the spells Sandblast, Passwall and Stone Arrow to
                  | your library.
  1559 | D:3      | Noticed an ogre
  1569 | D:3      | Killed an ogre
  1570 | D:3      | Reached XP level 5. HP: 38/38 MP: 4/10
  1648 | D:3      | Reached skill level 4 in Spellcasting
  1748 | D:3      | Noticed Jessica
  1783 | D:3      | Killed Jessica
  1784 | D:3      | Reached skill level 5 in Poison Magic
  1942 | D:3      | Learned a level 4 spell: Olgreb's Toxic Radiance
  2056 | D:3      | Noticed Grinder
  2072 | D:3      | Killed Grinder
  2073 | D:3      | Reached XP level 6. HP: 39/45 MP: 11/13
  2275 | D:4      | Found an opulent altar of Gozag.
  2275 | D:4      | Found a shadowy altar of Dithmenos.
  2275 | D:4      | Found a sparkling altar of Nemelex Xobeh.
  2284 | D:4      | Became a worshipper of Gozag Ym Sagoz the Greedy
  2327 | D:4      | Reached skill level 5 in Spellcasting
  2327 | D:4      | Reached skill level 6 in Poison Magic
  2334 | D:4      | Found a sand-covered staircase.
  2345 | D:4      | Your scales start taking on a golden yellow colour.
  2345 | D:4      | Reached XP level 7. HP: 50/50 MP: 14/14
  2345 | D:4      | Gained mutation: You are resistant to acid. (rCorr) [Yellow
                  | Draconian growth]
  2350 | Ossuary  | Entered an ossuary
  2506 | Ossuary  | Noticed a wraith
  2506 | Ossuary  | Noticed a flying skull
  2513 | Ossuary  | Noticed a flying skull
  2518 | Ossuary  | Noticed a wraith
  2547 | Ossuary  | Killed a wraith
  2655 | Ossuary  | Noticed a flying skull
  2657 | Ossuary  | Noticed a flying skull
  2776 | Ossuary  | HP: 10/46 [wight/+5 dagger (9)]
  3278 | D:4      | Reached skill level 6 in Spellcasting
  3546 | D:5      | Entered Level 5 of the Dungeon
  3558 | D:5      | Reached skill level 7 in Poison Magic
  3714 | D:5      | Found a shimmering altar of Xom.
  3719 | D:5      | Reached XP level 8. HP: 43/57 MP: 8/17
  3733 | D:5      | HP: 14/57 [white imp/puff of frost (11)]
  3742 | D:5      | HP: 14/57 [phantom (3)]
  3745 | D:5      | Killed from afar by a white imp

Vanquished Creatures
  Grinder (D:3)
  A wraith (Ossuary)
  An ice beast (D:5)
  A black bear (D:5)
  An ogre (D:3)
  A centaur (D:5)
  A necrophage (D:4)
  3 wights (Ossuary)
  A hound (D:5)
  Jessica (D:3)
  2 iguanas (D:5)
  An orc wizard (D:4)
  A mummy (D:4)
  7 adders
  A white imp (D:5)
  2 ufetubi
  An adder zombie (Ossuary)
  2 worms (D:2)
  3 dart slugs
  5 orcs
  5 bats
  9 endoplasms
  2 giant cockroaches (D:1)
  4 goblins
  7 hobgoblins
  3 jackals
  4 quokkas
  8 ball pythons
  3 frilled lizards
  5 hobgoblin skeletons (Ossuary)
  7 kobolds
  2 kobold zombies (Ossuary)
  An orc zombie (Ossuary)
  7 rats
104 creatures vanquished.

Vanquished Creatures (others)
  An ogre (D:5)
1 creature vanquished.

Grand Total: 105 creatures vanquished

Table legend:
 A = Non-vault XP
 B = Vault XP
 C = Vault XP percentage of total XP
 D = Non-vault monster count
 E = Vault monster count
 F = Vault count percentage of total count
                 A         B        C        D         E       F
            +---------+---------+-------+---------+---------+-------
      Total |     609 |    1249 |  67.2 |      76 |      29 |  27.6
            +---------+---------+-------+---------+---------+-------
        D:1 |      58 |       7 |  10.8 |      27 |       5 |  15.6
        D:2 |      62 |       0 |   0.0 |      18 |       0 |   0.0
        D:3 |     188 |     304 |  61.8 |      18 |       2 |  10.0
        D:4 |     158 |      18 |  10.2 |      10 |       1 |   9.1
        D:5 |     143 |     483 |  77.2 |       3 |       8 |  72.7
    Ossuary |       0 |     437 | 100.0 |       0 |      13 | 100.0
            +---------+---------+-------+---------+---------+-------

Illustrated notes

Table legend:
 A = Kills in this place as a percentage of kills in entire the game.
 B = Kills by you in this place as a percentage of kills by you in the entire game.
 C = Kills by friends in this place as a percentage of kills by friends in the entire game.
 D = Other kills in this place as a percentage of other kills in the entire game.
 E = Experience gained in this place as a percentage of experience gained in the entire game.
 F = Experience gained in this place divided by the number of levels of this place that you have seen.
                   A       B       C       D       E      F
               +-------+-------+-------+-------+-------+----------------------
         Total | 100.0 | 100.0 |   N/A | 100.0 | 100.0 | 309.7
       Dungeon |  87.6 |  87.5 |   N/A | 100.0 |  76.5 | 284.2
       Ossuary |  12.4 |  12.5 |   N/A |   0.0 |  23.5 | 437.0
               +-------+-------+-------+-------+-------+----------------------

Table legend: (Time is in decaauts)
 A = Elapsed time spent in this place.
 B = Non-inter-level travel time spent in this place.
 C = Inter-level travel time spent in this place.
 D = Time resting spent in this place.
 E = Time spent auto-exploring this place.
 F = Levels seen in this place.
 G = Mean time per level.
                   A        B        C        D        E       F      G
               +--------+--------+--------+--------+--------+-----+--------+
         Total |   3874 |   3693 |    181 |    336 |   2488 |   6 |  645.7 |
       Dungeon |   3247 |   3066 |    181 |     77 |   2334 |   5 |  649.4 |
       Ossuary |    626 |    626 |      0 |    259 |    154 |   1 |  626.0 |
               +--------+--------+--------+--------+--------+-----+--------+

Top non-repeatable levels by time:
     D:1: 819 daAuts
     D:4: 765 daAuts
     D:2: 758 daAuts
     D:3: 700 daAuts
 Ossuary: 626 daAuts
     D:5: 204 daAuts
